 Dungeon Crawl Stone Soup version 0.28.0-53-g5a82cb258f (webtiles) character file.

Game seed: 17329091229099673068

208391 cbfl8 the Severer (level 18, -8/153 HPs)
             Began as a Minotaur Fighter on Aug 11, 2022.
             Was the Champion of Hepliaklqana.
             Succumbed to something's poison gas
             ... on level 4 of the Swamp.
             The game lasted 01:29:43 (45479 turns).

cbfl8 the Severer (Minotaur Fighter)               Turns: 45479, Time: 01:29:44

Health: -8/153     AC: 32    Str: 26    XL:     18   Next: 50%
Magic:  24/24      EV: 16    Int:  8    God:    Hepliaklqana [******]
Gold:   2539       SH:  5    Dex: 21    Spells: 17/17 levels left

rFire   . . .      SeeInvis .   N - +1 battleaxe (elec)
rCold   . . .      Faith    .   (shield currently unavailable)
rNeg    + . .      Spirit   .   T - +7 plate armour of Polorel {+Inv Str-2 Int+3 Dex+4}
rPois   .          Reflect  +   f - +1 hat
rElec   .          Harm     .   Y - +1 cloak
rCorr   .          Rampage  .   P - +2 pair of gloves
Will    +....                   a - +0 pair of boots
Stlth   ..........              s - amulet of reflection
HPRegen 0.35/turn               V - ring of the Hero {Fly rN+}
MPRegen 0.19/turn               t - +6 ring of strength

@: lethally poisoned (-8 -> -55), flying, studying Hexes
A: reduced essence, horns 2, retaliatory headbutt
a: Renounce Religion, Evoke Invisibility, Recall Ancestor, Ancestor Identity,
Transference, Idealise


You were on level 4 of the Swamp.
You worshipped Hepliaklqana.
Hepliaklqana was exalted by your worship.
You visited 6 branches of the dungeon, and saw 31 of its levels.
You visited the Abyss 1 time.
You also visited: Sewer, Gauntlet and Ice Cave.

You collected 3175 gold pieces.
You spent 636 gold pieces at shops.

Inventory:

Hand Weapons
 r - a +2 battleaxe of protection
 N - a +1 battleaxe of electrocution (weapon)
Missiles
 F - 4 throwing nets
Armour
 a - a +0 pair of boots (worn)
 f - a +1 hat (worn)
 l - the +3 warlock's mirror {reflect}
   (You took it off an orc on level 8 of the Dungeon)

   It can block and reflect piercing ranged attacks and magical attacks against
   the wielder's willpower.
 v - the +6 scale mail of Elyvilon's Indignation {*Slow rElec Str+2 Dex+10}
   (You found it on level 8 of the Dungeon)

   Str:       It affects your strength (+2).
   Dex:       It affects your dexterity (+10).
   rElec:     It insulates you from electricity.
   *Slow:     It may slow you when you take damage.
 P - a +2 pair of gloves (worn)
 T - the +7 plate armour of Polorel (worn) {+Inv Str-2 Int+3 Dex+4}
   (You found it in a Gauntlet)

   Str:       It affects your strength (-2).
   Int:       It affects your intelligence (+3).
   Dex:       It affects your dexterity (+4).
   +Inv:      It lets you turn invisible.
 Y - a +1 cloak (worn)
Jewellery
 e - the ring "Emeugyc" {rCorr Int+4}
   (You found it on level 1 of the Swamp)

   [ring of resist corrosion]

   Int:       It affects your intelligence (+4).
   rCorr:     It protects you from acid and corrosion.
 n - an amulet of regeneration
 s - an amulet of reflection (around neck)
 t - a +6 ring of strength (right hand)
 E - a ring of willpower
 K - a +6 ring of dexterity
 L - the ring "Kaudycun" {rF+ Dex+4}
   (You found it on level 9 of the Dungeon)

   [ring of protection from fire]

   Dex:       It affects your dexterity (+4).
   rF:        It protects you from fire.
 Q - the amulet "Bahimup" {Acrobat Fly Str+4 Int+4}
   (You found it in an ice cave)

   [amulet of the acrobat]

   It increases your evasion while moving and waiting.
   Str:       It affects your strength (+4).
   Int:       It affects your intelligence (+4).
   Fly:       It grants you flight.
 V - the ring of the Hero (left hand) {Fly rN+}
   (You found it in a Gauntlet)

   [ring of flight]

   rN:        It protects you from negative energy.
   Fly:       It grants you flight.
Wands
 c - a wand of charming (4)
 m - a wand of flame (27)
 p - a wand of paralysis (24)
 J - a wand of digging (26)
Scrolls
 g - 4 scrolls of fear
 h - 7 scrolls of enchant armour
 j - 2 scrolls of holy word
 k - 10 scrolls of teleportation
 q - 5 scrolls of silence
 x - 3 scrolls of fog
 y - a scroll of blinking
 A - 3 scrolls of noise
 B - 3 scrolls of magic mapping
 C - 2 scrolls of summoning
 D - 5 scrolls of enchant weapon
 G - 3 scrolls of immolation
 X - a scroll of acquirement
Potions
 b - 4 potions of invisibility
 i - 3 potions of cancellation
 o - 6 potions of curing
 u - 9 potions of haste
 w - 3 potions of resistance
 z - 3 potions of mutation
 R - a potion of lignification
 S - a potion of ambrosia
 U - a potion of might
 Z - a potion of heal wounds
Miscellaneous
 d - a box of beasts
 H - a phantom mirror
 I - a box of beasts
 M - a condenser vane
 W - a phantom mirror


   Skills:
 * Level 17.6 Fighting
 + Level 18.9 Axes
 + Level 14.1 Armour
 * Level 14.0 Dodging
 + Level 5.2 Stealth
 + Level 10.4 Shields
 + Level 0.1 Unarmed Combat
 * Level 10.4 Invocations
 * Level 12.4 Evocations


You had 17 spell levels left.
You didn't know any spells.
Your spell library contained the following spells:

 Spells                   Type           Power      Damage    Failure   Level
 Magic Dart               Conj           0%         1d3       97%         1
 Pain                     Necr           0%         1d4       97%         1
 Sandblast                Erth           0%         2d4       97%         1
 Shock                    Conj/Air       0%         1d3       97%         1
 Sting                    Tmut/Pois      0%         1d3       97%         1
 Blink                    Tloc           0%         N/A       99%         2
 Poisonous Vapours        Pois/Air       0%         N/A       99%         2
 Searing Ray              Conj           0%         2d4       99%         2
 Sublimation of Blood     Necr           0%         N/A       99%         2
 Frozen Ramparts          Ice            0%         1d2       100%        3
 Gell's Gravitas          Tloc           0%         N/A       100%        3
 Lesser Beckoning         Tloc           0%         N/A       100%        3
 Ozocubu's Armour         Ice            0%         N/A       100%        3
 Stone Arrow              Conj/Erth      0%         3d7       100%        3
 Swiftness                Air            0%         N/A       100%        3
 Teleport Other           Tloc           0%         N/A       100%        3
 Tukima's Dance           Hex            0%         N/A       100%        3
 Airstrike                Air            0%         N/A       100%        4
 Anguish                  Hex/Necr       0%         N/A       100%        4
 Fulminant Prism          Conj/Hex       0%         3d6       100%        4
 Ice Form                 Ice/Tmut       0%         N/A       100%        4
 Iskenderun's Mystic Bla  Conj/Tloc      0%         2d3       100%        4
 Olgreb's Toxic Radiance  Pois           0%         N/A       100%        4
 Petrify                  Tmut/Erth      0%         N/A       100%        4
 Summon Ice Beast         Ice/Summ       0%         N/A       100%        4
 Lee's Rapid Deconstruct  Erth           0%         3d5*      100%        5
 Manifold Assault         Tloc           0%         N/A       100%        5
 Summon Forest            Summ/Tloc      0%         N/A       100%        5
 Eringya's Noxious Bog    Tmut/Pois      0%         N/A       100%        6
 Statue Form              Tmut/Erth      0%         N/A       100%        6
 Enfeeble                 Hex            0%         N/A       100%        7
 Ozocubu's Refrigeration  Ice            0%         4d5       100%        7
 Storm Form               Tmut/Air       0%         N/A       100%        7
 Summon Hydra             Summ           0%         N/A       100%        7
 Infestation              Necr           0%         N/A       100%        8
 Death's Door             Necr           0%         N/A       100%        9


Dungeon Overview and Level Annotations

Branches:
Dungeon (15/15)            Temple (1/1) D:4            Lair (6/6) D:8
  Swamp (4/4) Lair:4       Spider (3/4) Lair:4        Slime (0/5) Lair:5
    Orc (2/2) D:10            Elf (0/3) Orc:2        Vaults (0/5) D:14
 Depths (0/4) D:15          Sewer (visited)           IceCv (visited)
Gauntlet (visited)

Altars:
Ashenzari
Cheibriados
Dithmenos
Elyvilon
Fedhas
Gozag
Hepliaklqana
Kikubaaqudgha
Makhleb
Nemelex Xobeh
Okawaru
Qazlal
Ru
Sif Muna
Trog
Uskayaw
Vehumet
Wu Jian
Xom
Yredelemnul
Zin
The Shining One
Beogh
Jiyva

Shops:
D:2 !   D:9 [   D:12 !   Orc:2 [*[


Innate Abilities, Weirdness & Mutations

Your life essence is reduced to manifest your ancestor. (-10% HP)
You have a pair of horns on your head.
You reflexively headbutt those who attack you in melee.


Message History

The swamp dragon is heavily wounded.
You feel very sick.
Unknown command.
You barely miss the swamp dragon.
You headbutt the swamp dragon, but do no damage.
The swamp dragon is heavily wounded.
You feel sick. The swamp dragon barely misses you.
You block the swamp dragon's attack.
The swamp dragon tramples you but does no damage.
You hit the swamp dragon but do no damage.
You headbutt the swamp dragon, but do no damage.
The swamp dragon is heavily wounded.
You feel sick.
The swamp dragon breathes poison at you.
The blast of poison misses you.
You barely miss the swamp dragon.
The swamp dragon is heavily wounded.
You are engulfed in poison gas.
You are more poisoned.
You feel very sick.
The slime creature quivers.
The swamp dragon bites you but does no damage.
The swamp dragon closely misses you. You block the swamp dragon's attack.
Blink to where?
Press: ? - help, Dir - move target
As you read the scroll of blinking, it crumbles to dust.
You feel very sick.
You feel better.
The swamp dragon breathes poison at you.
You are engulfed in poison gas.
You are poisoned.
* * * LOW HITPOINT WARNING * * *
You feel very sick.
You are engulfed in poison gas.
You are lethally poisoned!
* * * LOW HITPOINT WARNING * * *
x2 You feel extremely sick.
You are engulfed in poison gas.
You are more poisoned.
* * * LOW HITPOINT WARNING * * *
You die...

≈≈.≈.≈§...≈§≈#≈#≈≈≈≈≈.♣ ♣.≈≈≈≈♣♣♣
.≈≈.≈...♣≈..#≈#≈#.≈≈§.♣ ♣≈.≈.≈♣
≈†≈≈≈≈≈#≈≈≈≈≈#≈#≈≈≈≈≈.♣♣♣≈..≈♣♣
≈#####≈≈#≈≈.#.#≈##≈≈≈.♣[...§♣♣
≈#.. #≈#≈≈≈≈.#≈#≈#≈≈..♣.≈≈♣♣♣♣♣
≈≈#.##≈≈#≈≈.≈.≈.≈#≈..≈.≈≈≈≈≈.≈♣♣♣
≈≈.#.≈≈#≈≈≈≈≈≈≈≈≈#^≈.♣≈≈≈≈≈≈≈≈..♣
≈≈≈≈≈≈≈♣#.≈≈≈≈≈≈.#≈...≈.≈≈≈≈≈.≈≈♣
.≈#.#...###≈#☼#≈@#♣♣.♣≈.≈≈≈≈≈.≈≈♣
.#≈#≈#.≈.###.#☼#○# ♣♣♣♣≈≈≈≈≈≈♣♣♣♣
≈≈≈.≈≈≈..≈≈≈○≈☼☼☼# ♣.≈≈≈≈§≈.♣♣≈
≈.#≈#≈§♣≈≈###°#☼## ♣♣≈≈.≈≈≈.♣♣.
≈#...#≈≈#≈#..#≈## ♣≈.≈..≈≈≈.♣
.≈.[.≈.#≈≈#..☼## ♣♣.♣♣♣≈≈.≈♣
≈#...#≈.#≈.#D# ♣♣♣ ♣♣♣♣♣♣
≈≈#≈#.☼#.≈#≈# .≈≈.≈≈○○≈≈≈##


There were no monsters in sight!

Vanquished Creatures
  Kirke (D:15)
  Louise (Swamp:1)
  An emperor scorpion (Spider:2)
  2 ghouls
  A very ugly thing (Swamp:4)
  2 broodmothers
  3 entropy weavers
  An eleionoma (Swamp:3)
  Azrael (Orc:2)
  A spark wasp (Spider:2)
  A dire elephant (Lair:6)
  2 bunyips (Swamp:4)
  A green death (Swamp:4)
  An ettin (Orc:1)
  A vault guard (D:14)
  Harold (D:9)
  4 boulder beetles
  8 hydras
  A hell beast (Swamp:4)
  A ghost crab (Swamp:4)
  A rakshasa (D:15)
  3 great orbs of eyes
  2 centaur warriors (D:14)
  A merfolk avatar (Lair:6)
  4 two-headed ogres
  4 tengu warriors
  5 death yaks (Lair:3)
  4 alligators
  A death scarab (Spider:2)
  An orc high priest (Orc:2)
  3 thrashing horrors (Abyss:2)
  8 skeletal warriors
  4 pharaoh ants
  A sea snake (Lair:4)
  A sixfirhy (Abyss:2)
  5 goliath frogs
  A steelbarb worm (Spider:2)
  5 swamp dragons
  3 orb spiders
  A spriggan druid (Swamp:4)
  A phantasmal warrior (D:13)
  7 bog bodies
  A wizard (D:15)
  2 orc knights (Orc:2)
  3 will-o-the-wisps
  A mana viper (Abyss:2)
  An orc sorcerer (Orc:2)
  10 ugly things
  4 cyclopes
  Pikel (D:6)
  3 elephants
  3 wolf spiders
  A worldbinder (Abyss:2)
  2 manticores
  A large abomination (Abyss:2)
  3 moths of wrath
  3 black mambas
  A smoke demon (Abyss:2)
  14 cane toads
  2 ice statues (IceCv)
  3 torpor snails
  Joseph (D:7)
  3 demonic crawlers
  2 gargoyles
  6 rime drakes
  A freezing wraith (D:13)
  6 komodo dragons
  3 kobold demonologists (D:13)
  An efreet (D:15)
  An ancient zyme (Abyss:2)
  A tormentor (Abyss:2)
  2 tengu conjurers (Gauntlet)
  13 meliai
  8 polar bears
  A red devil (Abyss:2)
  2 trolls
  A bloated husk (Swamp:3)
  5 hornets (Swamp:4)
  3 tyrant leeches (Swamp:2)
  7 tarantellas
  6 small abominations
  17 blink frogs
  12 slime creatures
  9 jumping spiders
  4 culicivoras
  5 wraiths
  6 spriggans
  5 wyverns
  2 shadows (Swamp:4)
  34 yaks
  4 basilisks
  A fire elemental (Orc:2)
  4 hogs (D:15)
  A redback (shapeshifter) (D:14)
  33 redbacks
  2 steam dragons
  A chaos spawn (Abyss:2)
  Menkaure (D:7)
  13 vampire mosquitoes
  2 wargs
  14 swamp worms
  4 hell hounds (Orc:2)
  9 water moccasins
  15 orc warriors
  A swamp drake (Swamp:1)
  A black bear (shapeshifter) (D:15)
  9 black bears
  12 ogres
  A sky beast (D:6)
  6 centaurs
  4 necrophages
  8 wolves (Lair:1)
  2 phantoms
  A lemure (D:6)
  4 kobold brigands
  14 bullfrogs
  2 gnoll sergeants
  6 scorpions
  A wyvern zombie (D:8)
  A water moccasin zombie (D:5)
  4 killer bees
  3 howler monkeys
  3 lindwurm simulacra (IceCv)
  4 centaur zombies
  8 hounds
  A jelly (D:5)
  7 komodo dragon simulacra (IceCv)
  12 orc priests
  A bullfrog zombie (D:6)
  2 gnoll shamans
  A bullfrog skeleton (D:7)
  2 centaur skeletons
  Crazy Yiuf (D:3)
  Jessica (D:2)
  An iguana (D:6)
  Natasha (thrice) (D:3)
  10 orc wizards
  A hound skeleton (D:4)
  A howler monkey zombie (D:9)
  12 gnolls
  An acid dragon simulacrum (IceCv)
  3 adders
  4 white imps
  5 steam dragon simulacra (IceCv)
  4 worms
  2 dart slugs
  42 orcs
  9 endoplasms
  6 giant cockroaches
  7 goblins
  5 hobgoblins
  2 quokkas
  8 ball pythons
  9 bats
  5 frilled lizards
  24 kobolds
  12 rats
730 creatures vanquished.

Vanquished Creatures (collateral kills)
  Roxanne (Swamp:2)
  A fenstrider witch (Swamp:4)
  A ghoul (Swamp:1)
  A very ugly thing (Swamp:4)
  A broodmother (Spider:2)
  An eleionoma (Swamp:4)
  A bunyip (Swamp:4)
  2 spark wasps
  An ice dragon (IceCv)
  3 vault guards (D:14)
  A boulder beetle (D:15)
  9 hydras
  An ogre mage (D:15)
  2 ghost crabs
  A radroach (Spider:1)
  Erolcha (D:11)
  A death knight (D:13)
  Erica (D:10)
  2 death yaks
  2 centaur warriors (D:14)
  A jorogumo (Spider:2)
  A tengu warrior (D:13)
  4 alligators
  2 orc high priests (Orc:2)
  A thrashing horror (Swamp:4)
  2 skeletal warriors
  5 spriggans
  A pharaoh ant (Spider:3)
  A sun moth (Spider:2)
  A spriggan druid (Swamp:2)
  2 swamp dragons (Swamp:4)
  2 goliath frogs
  2 steelbarb worms
  A bog body (Swamp:4)
  2 orb spiders
  3 orc knights
  2 deep elf pyromancers
  2 orc sorcerers (Orc:2)
  A wolf spider (Spider:1)
  2 cyclopes
  A worldbinder (Abyss:2)
  2 manticores
  6 ugly things
  A large abomination (Abyss:2)
  A moth of wrath (Spider:1)
  3 elephants
  A black mamba (Lair:6)
  Maurice (D:12)
  A gargoyle (D:11)
  An orange demon (Swamp:4)
  4 cane toads
  A torpor snail (Lair:6)
  2 demonic crawlers
  An unseen horror (Abyss:2)
  2 rime drakes (IceCv)
  6 komodo dragons
  Maggie (D:7)
  A freezing wraith (D:13)
  A harpy zombie (Abyss:2)
  A tyrant leech (Gauntlet)
  A troll (D:12)
  2 meliai
  5 polar bears
  2 tarantellas (Spider:1)
  A wind drake (Lair:6)
  4 hornets
  9 blink frogs
  6 slime creatures
  8 jumping spiders
  4 culicivoras
  A centaur simulacrum (D:14)
  A shadow (Swamp:4)
  15 yaks
  A basilisk (D:14)
  A wyvern (D:8)
  A wraith (D:14)
  4 vampire mosquitoes
  14 redbacks
  2 steam dragons (Lair:6)
  6 swamp worms
  2 water moccasins (Lair:2)
  A hell hound (Orc:2)
  An ice beast (D:8)
  8 orc warriors
  2 black bears (Lair:2)
  A boggart (D:9)
  2 necrophages
  3 wolves (Lair:1)
  2 ogres (D:15)
  3 kobold brigands
  5 bullfrogs
  A scorpion (Lair:4)
  2 small abominations (Gauntlet)
  9 killer bees
  An electric eel (Spider:2)
  2 centaur zombies
  4 orc priests
  10 orc wizards
  A killer bee zombie (D:6)
  6 gnolls
  4 acid dragon simulacra (IceCv)
  An ufetubus (Abyss:2)
  A steam dragon simulacrum (IceCv)
  10 orcs
  A frilled lizard (Sewer)
  4 kobolds
285 creatures vanquished.

Vanquished Creatures (others)
  2 bloated husks
  A yak (Lair:6)
  34 battlemagi
  8 foxfires (Swamp:2)
  38 fungi
  81 plants
  2 starspawn tentacles (Abyss:2)
  A withered plant (Gauntlet)
167 creatures vanquished.

Grand Total: 1182 creatures vanquished

Notes
Turn   | Place    | Note
-------+----------+-------------------------------------------
     0 | D:1      | cbfl8 the Minotaur Fighter began the quest for the Orb.
     0 | D:1      | Reached XP level 1. HP: 19/19 MP: 0/0
   256 | D:1      | Found a faded altar of an unknown god.
   295 | D:1      | Reached XP level 2. HP: 27/27 MP: 1/1
  1218 | D:2      | Reached XP level 3. HP: 33/33 MP: 2/2
  1252 | D:2      | Noticed Jessica
  1256 | D:2      | Killed Jessica
  1257 | D:2      | Reached skill level 3 in Axes
  1257 | D:2      | Reached skill level 1 in Dodging
  1280 | D:2      | Reached skill level 1 in Evocations
  1280 | D:2      | Reached XP level 4. HP: 28/40 MP: 3/3
  2291 | D:2      | Found Ojeulig's Distillery.
  2304 | D:2      | Bought a potion of heal wounds for 50 gold pieces
  2304 | D:2      | Bought a potion of curing for 30 gold pieces
  2526 | D:3      | Reached XP level 5. HP: 47/47 MP: 4/4
  2698 | D:3      | Noticed Natasha
  2710 | D:3      | Killed Natasha
  3328 | D:3      | Noticed Natasha
  3334 | D:3      | Killed Natasha
  3385 | D:3      | Found a runed translucent door.
  3386 | D:3      | Noticed Crazy Yiuf
  3436 | D:3      | Reached skill level 5 in Armour
  3442 | D:3      | Noticed Natasha
  3449 | D:3      | Killed Natasha
  3450 | D:3      | Reached skill level 4 in Axes
  3608 | D:3      | Killed Crazy Yiuf
  3719 | D:4      | Reached XP level 6. HP: 46/53 MP: 5/5
  3958 | D:4      | Reached skill level 5 in Fighting
  3961 | D:4      | Reached skill level 5 in Axes
  3961 | D:4      | Reached XP level 7. HP: 37/61 MP: 6/6
  4464 | D:4      | Found a glowing silver altar of Zin.
  4464 | D:4      | Noticed an angel
  4746 | D:4      | Found a staircase to the Ecumenical Temple.
  4759 | Temple   | Entered the Ecumenical Temple
  5280 | Temple   | Became a worshipper of Hepliaklqana the Forgotten
  5481 | D:5      | Entered Level 5 of the Dungeon
  5584 | D:5      | Reached skill level 6 in Axes
  5632 | D:5      | Reached XP level 8. HP: 70/70 MP: 7/7
  6165 | D:5      | Reached skill level 7 in Axes
  6649 | D:6      | Reached XP level 9. HP: 20/78 MP: 8/8
  6797 | D:6      | Found a glowing drain.
  6807 | Sewer    | Entered a sewer
  6878 | Sewer    | Reached * piety under Hepliaklqana
  6892 | Sewer    | Reached skill level 8 in Axes
  6892 | Sewer    | Reached skill level 5 in Shields
  7495 | D:6      | Reached skill level 5 in Dodging
  7641 | D:7      | Noticed Pikel
  7679 | D:6      | Killed Pikel
  7680 | D:6      | Reached skill level 9 in Axes
  7949 | D:7      | Reached skill level 5 in Evocations
  8013 | D:7      | Noticed Maggie
  8026 | D:7      | Killed Maggie
  8069 | D:7      | Noticed Joseph
  8085 | D:7      | Killed Joseph
  8086 | D:7      | Reached skill level 1 in Stealth
  8204 | D:7      | Reached ** piety under Hepliaklqana
  8205 | D:7      | Remembered your ancestor Death as a battlemage
  8556 | D:7      | Noticed Menkaure
  8563 | D:7      | Killed Menkaure
  8564 | D:7      | Reached XP level 10. HP: 47/79 MP: 9/9
  9246 | D:8      | Reached skill level 10 in Axes
  9257 | D:8      | Noticed a white ugly thing
  9258 | D:8      | Noticed a tengu warrior
  9259 | D:8      | Noticed a cyclops
  9510 | D:8      | Found a staircase to the Lair.
  9826 | D:8      | Killed a tengu warrior
  9947 | D:8      | Noticed a two-headed ogre
  9956 | D:8      | Killed a two-headed ogre
 10002 | D:8      | Killed a cyclops
 10017 | D:8      | Identified the +6 scale mail of Elyvilon's Indignation
                  | {*Slow rElec Str+2 Dex+10}
 10115 | D:8      | Killed a white ugly thing
 10275 | D:8      | Found an ornate altar of the Wu Jian Council.
 10570 | D:9      | Found Waann's Antique Armour Emporium.
 10581 | D:9      | Reached skill level 11 in Axes
 10585 | D:9      | Reached XP level 11. HP: 27/85 MP: 10/10
 10855 | D:9      | Identified the ring "Kaudycun" {rF+ Dex+4}
 11269 | D:10     | Entered Level 10 of the Dungeon
 11338 | D:10     | Noticed Harold
 11496 | D:9      | Killed Harold
 11921 | D:10     | Found a staircase to the Orcish Mines.
 11923 | D:10     | Noticed Erica
 11929 | D:10     | Reached *** piety under Hepliaklqana
 11933 | D:10     | Killed Erica
 11934 | D:10     | Reached skill level 12 in Axes
 12104 | D:11     | Noticed a two-headed ogre
 12115 | D:11     | Killed a two-headed ogre
 12231 | D:11     | Noticed a white ugly thing
 12241 | D:11     | Killed a white ugly thing
 12242 | D:11     | Reached skill level 1 in Invocations
 12294 | D:11     | Noticed Erolcha
 12300 | D:11     | Killed Erolcha
 12469 | D:11     | Identified the +0 robe of Parhud {-Tele rCorr Int+5 Dex-4}
 12688 | D:11     | Noticed a two-headed ogre
 12700 | D:11     | Killed a two-headed ogre
 12808 | D:11     | Reached skill level 10 in Fighting
 13016 | D:12     | Noticed a skeletal warrior
 13017 | D:12     | Noticed a skeletal warrior
 13075 | D:12     | Noticed a seven-headed hydra
 13247 | D:12     | Killed a seven-headed hydra
 13248 | D:12     | Reached XP level 12. HP: 91/95 MP: 12/12
 13292 | D:12     | Found a gate leading to a gauntlet.
 13305 | Gauntlet | Entered a Gauntlet
 13305 | Gauntlet | Found a transporter.
 13416 | Gauntlet | Found a transporter.
 13417 | Gauntlet | Found a transporter.
 13434 | Gauntlet | Found a transporter.
 13436 | Gauntlet | Found a transporter.
 13449 | Gauntlet | Found a transporter.
 13466 | Gauntlet | Found a transporter.
 13475 | Gauntlet | Found a runed translucent door.
 13476 | Gauntlet | Found a transporter.
 13477 | Gauntlet | Found a runed translucent door.
 13484 | Gauntlet | Found a runed translucent door.
 13486 | Gauntlet | Found a transporter.
 13487 | Gauntlet | Found the ring of the Hare {EV+8}
 13488 | Gauntlet | Found a runed translucent door.
 13581 | Gauntlet | Found a transporter.
 13592 | Gauntlet | Reached **** piety under Hepliaklqana
 13594 | Gauntlet | Found a transporter.
 13595 | Gauntlet | Found a transporter.
 13596 | Gauntlet | Noticed a tengu warrior
 13793 | Gauntlet | Reached skill level 10 in Armour
 13834 | Gauntlet | Killed a tengu warrior
 13856 | Gauntlet | Found a transporter.
 13857 | Gauntlet | Identified the ring of the Hero {Fly rN+}
 14113 | Gauntlet | Identified the +7 plate armour of Polorel {+Inv Str-2 Int+3
                  | Dex+4}
 14115 | Gauntlet | Identified the amulet of Cipnun {Spirit rF+ rN++}
 14136 | Gauntlet | Noticed a minotaur
 14473 | D:12     | Identified the +6 long sword "Yturhacs" {vorpal, rElec rN+
                  | Str+3}
 14511 | D:12     | Noticed a two-headed ogre
 14536 | D:12     | Reached skill level 13 in Axes
 14582 | D:12     | Found Requr's Distillery.
 14585 | D:12     | Bought a potion of heal wounds for 70 gold pieces
 14585 | D:12     | Bought 2 potions of haste for 280 gold pieces
 14585 | D:12     | Bought a potion of might for 56 gold pieces
 14593 | D:12     | Noticed Maurice
 14603 | D:12     | Killed Maurice
 14673 | D:12     | Noticed a four-headed hydra
 14684 | D:12     | Killed a five-headed hydra
 15010 | D:12     | Killed a two-headed ogre
 15476 | Lair:1   | Entered Level 1 of the Lair of Beasts
 15525 | Lair:1   | Reached XP level 13. HP: 96/104 MP: 15/15
 16325 | Lair:1   | Reached skill level 5 in Invocations
 16480 | Lair:2   | Reached skill level 14 in Axes
 16787 | Lair:2   | Reached ***** piety under Hepliaklqana
 16832 | Lair:2   | Reached skill level 10 in Dodging
 17557 | Lair:3   | You are sucked into a shaft and drop 3 floors!
 17557 | Lair:6   | Entered Level 6 of the Lair of Beasts
 17568 | Lair:6   | Noticed a dire elephant
 17842 | Lair:5   | Found a viscous altar of Jiyva.
 17843 | Lair:5   | Found a staircase to the Slime Pits.
 17911 | Lair:4   | Found a frozen archway.
 18211 | IceCv    | Entered an ice cave
 18270 | IceCv    | Reached XP level 14. HP: 109/114 MP: 17/17
 18894 | IceCv    | Identified the amulet "Bahimup" {Acrobat Fly Str+4 Int+4}
 19695 | Lair:3   | Reached skill level 15 in Axes
 20631 | Lair:4   | Found a hole to the Spider Nest.
 20827 | Lair:4   | Found a staircase to the Swamp.
 22111 | Lair:6   | HP: 1/116 [komodo dragon (18)]
 23334 | Lair:6   | Found a shadowy altar of Dithmenos.
 23743 | Lair:6   | Reached skill level 10 in Evocations
 23956 | Lair:6   | Got the Grimoire of the Countless Lies
 24794 | D:13     | Reached XP level 15. HP: 108/123 MP: 19/19
 25712 | D:14     | Reached ****** piety under Hepliaklqana
 25768 | D:14     | Reached skill level 16 in Axes
 26661 | D:14     | Found a gate to the Vaults.
 26676 | D:14     | Noticed a tengu reaver
 27212 | D:15     | Entered Level 15 of the Dungeon
 28397 | D:15     | Noticed Kirke
 28796 | D:15     | Killed Kirke
 29202 | D:15     | Cast into level 2 of the Abyss (a wizard)
 29373 | Abyss:2  | Noticed a tentacled starspawn
 29682 | D:15     | Escaped the Abyss
 29799 | D:15     | Reached XP level 16. HP: 132/132 MP: 21/21
 30011 | D:15     | Found a staircase to the Depths.
 30297 | D:14     | Reached skill level 15 in Fighting
 30784 | D:14     | Found a sacrificial altar of Ru.
 30976 | Orc:1    | Entered Level 1 of the Orcish Mines
 31600 | Orc:2    | Entered Level 2 of the Orcish Mines
 31600 | Orc:2    | Noticed Azrael
 31612 | Orc:2    | Reached skill level 17 in Axes
 31613 | Orc:2    | Killed Azrael
 32126 | Orc:2    | Found a staircase to the Elven Halls.
 33066 | Orc:2    | Found Waczyil's Antique Armour Shop.
 33066 | Orc:2    | Found Luitesa's Antique Armour Shoppe.
 33069 | Orc:2    | Found Facups's Armour Shop.
 33069 | Orc:2    | Found Udoym's Assorted Antiques.
 33081 | Orc:2    | Bought a scroll of identify for 60 gold pieces
 33081 | Orc:2    | Bought a scroll of teleportation for 90 gold pieces
 33487 | Spider:1 | Entered Level 1 of the Spider Nest
 33534 | Spider:1 | Reached XP level 17. HP: 140/140 MP: 22/22
 37603 | Spider:2 | Reached skill level 18 in Axes
 38668 | Spider:3 | Reached skill level 10 in Shields
 39809 | Swamp:1  | Entered Level 1 of the Swamp
 39923 | Swamp:1  | Identified the ring "Emeugyc" {rCorr Int+4}
 39989 | Swamp:1  | Reached skill level 5 in Stealth
 40641 | Swamp:1  | Noticed Louise
 40653 | Swamp:1  | Killed Louise
 40796 | Swamp:2  | Identified Roxanne's Compendium of the Mountains
 40796 | Swamp:2  | Noticed Roxanne
 42040 | Swamp:2  | Identified a scroll of acquirement
 42061 | Swamp:2  | Killed Roxanne
 42752 | Swamp:3  | Reached XP level 18. HP: 151/151 MP: 24/24
 43071 | Swamp:3  | Reached skill level 10 in Invocations
 43478 | Swamp:4  | Entered Level 4 of the Swamp
 45166 | Swamp:4  | Identified the +5 ring mail "Okkuoc" {Stlth+}
 45432 | Swamp:4  | Paralysed by a great orb of eyes for 4 turns
 45478 | Swamp:4  | HP: 6/153 [poisoned by a swamp dragon (poison gas)]
 45479 | Swamp:4  | HP: 1/153 [something] (5)]
 45479 | Swamp:4  | Succumbed to something's poison gas

Illustrated notes

Levels and vault maps discovered:
D:1:      erik_arrival_cave_to_civilisation [erik_arrival_cave_to_hall],
          layout_basic, serial_forest, infiniplex_forest_straight_1,
          infiniplex_forest_straight_5, infiniplex_forest_end_2,
          infiniplex_forest_zigzag_2, infiniplex_forest_clump_double,
          ebering_ecumenical_altar_hall
D:2:      minmay_door_path, layout_loops_corners, serial_shops,
          nicolae_shop_window_shopping, serial_forest,
          infiniplex_forest_corner_1, infiniplex_forest_end_3,
          infiniplex_forest_zigzag_1, infiniplex_forest_lined_room_2,
          infiniplex_forest_lined_2, infiniplex_forest_straight_2,
          infiniplex_forest_zigzag_2, infiniplex_forest_clump_tiny,
          infiniplex_forest_diagonal, infiniplex_forest_lined_2, uniq_jessica
D:3:      layout_loops_ring, hangedman_decor_points, kennysheep_another_room,
          kennysheep_donut, uniq_crazy_yiuf_cottage, uniq_natasha
D:4:      layout_basic, zin_angel, minmay_temple_entry_wispy
D:5:      layout_basic, grunt_ministairs_15
D:6:      layout_basic, cheibrodos_sewer_entry_drain
D:7:      layout_loops_ring, uniq_menkaure, uniq_pikel, uniq_maggie, uniq_joseph
D:8:      minmay_the_grid_plus [minmay_the_grid_box_x, minmay_the_grid_gridbox,
          minmay_the_grid_garden, minmay_the_grid_rooms,
          minmay_the_grid_prize_trominoes], layout_basic,
          mainiacjoe_overflow_alcove_4, lair_entry_dummy,
          minmay_tree_intersection, corexii_corridor_pit
D:9:      layout_rooms, serial_shops, nicolae_inconvenience_store,
          minmay_checkerbox
D:10:     layout_rooms, david_orc_3, uniq_harold, uniq_erica
D:11:     layout_gridville, uniq_erolcha
D:12:     layout_cave_pools, gauntlet_entry_generic, serial_shops,
          nicolae_shop_behind_doors, uniq_maurice
D:13:     layout_rooms
D:14:     kennysheep_funnel, layout_grid_maze,
          lightli_vaults_fourway_checkpoint, nicolae_ru_the_path_less_chosen,
          chequers_serial_rivers_large_a
D:15:     gammafunk_enter_depths_forms, layout_cave_pods, minivault_11,
          uniq_kirke
Temple:   mainiacjoe_temple_big_plus
Lair:1:   layout_loops_ring, grunt_megastairs_3
Lair:2:   beast_lair_carwin_large_4, layout_hall_layers
Lair:3:   layout_regular_city, hangedman_lair_unloving_vines,
          minmay_stone_trees_medium, chequers_serial_rivers_room_a, st_stairs_8,
          beast_lair_carwin_11
Lair:4:   layout_regular_city, palyth_hydra_swamp_entry,
          nicolae_spider_entry_non_spiders, portal_ice_cave_rime,
          lemuel_fruit_tree
Lair:5:   layout_cave_pods, slime_altar_1, infiniplex_staircase_pool_2
Lair:6:   gammafunk_lair_ancient_temple, layout_regular_city, basic_altar
Swamp:1:  layout_basic_swamp, evilmike_swamp_ruin_rubble_1, swamp_pool4,
          uniq_louise
Swamp:2:  layout_basic_swamp, evilmike_swamp_ruin_house_3, uniq_roxanne
Swamp:3:  layout_basic_swamp, evilmike_swamp_ruin_house_1
Swamp:4:  swamp_vile, layout_basic_swamp
Spider:1: layout_spider_delve
Spider:2: layout_spider_delve
Spider:3: layout_spider_delve
Orc:1:    layout_caves
Orc:2:    grunt_orc_tribal_feast, layout_caves, basic_altar, uniq_azrael

Skill      XL: |  1  2  3  4  5  6  7  8  9 10 11 12 13 14 15 16 17 18 |
---------------+-------------------------------------------------------+-----
Fighting       | 4 5 6 7 8 10 11 12 13 14 15 16 17 | 17.6
Armour         | 4 5 6 7 9 10 11 12 13 14 | 14.1
Axes           | 3 4 5 6 7 9 11 12 13 14 15 16 17 18 | 18.9
Dodging        | 1 2 3 4 6 7 8 9 10 11 12 13 14 | 14.0
Shields        | 4 5 6 7 8 9 10 | 10.4
Evocations     | 1 2 3 4 5 6 7 8 9 10 11 12 | 12.4
Stealth        | 1 3 4 5 |  5.2
Invocations    | 2 4 6 7 8 9 10 | 10.4
Unarmed Combat | |  0.1

Action                   |  1- 3 |  4- 6 |  7- 9 | 10-12 | 13-15 | 16-18 || total
-------------------------+-------+-------+-------+-------+-------+-------++-------
Melee: War axe           |    56 |   109 |   351 |   369 |   330 |       ||  1215
       Headbutt          |     6 |    11 |    71 |    96 |   222 |   240 ||   646
       Battleaxe         |       |       |       |       |   459 |   776 ||  1235
       Unarmed           |       |       |       |       |     3 |       ||     3
Invok: Ancestor Life: Ba |       |       |     1 |       |       |       ||     1
       Ancestor Identity |       |       |     1 |       |       |       ||     1
       Recall Ancestor   |       |       |       |     1 |     3 |       ||     4
       Idealise          |       |       |       |       |     2 |       ||     2
 Abil: Evoke Invisibilit |       |       |       |     1 |     2 |       ||     3
Evoke: Wand              |       |       |       |    37 |    15 |     4 ||    56
       Phantom mirror    |       |       |       |     1 |     1 |       ||     2
       Box of beasts     |       |       |       |       |     1 |       ||     1
  Use: Scroll            |       |     4 |     1 |     9 |    26 |     7 ||    47
       Potion            |       |       |     3 |     3 |     5 |     7 ||    18
 Stab: Distracted        |       |       |     3 |    11 |     9 |    25 ||    48
       Paralysed         |       |       |       |     4 |       |       ||     4
       Petrifying        |       |       |       |       |     2 |       ||     2
Armor: Scale mail        |    30 |    50 |    26 |    60 |       |       ||   166
       Chain mail        |       |       |   162 |    32 |       |       ||   194
       Plate armour      |       |       |       |    70 |   595 |   592 ||  1257
Dodge: Dodged            |    32 |    67 |   134 |   194 |   491 |   573 ||  1491
Block: Buckler           |    13 |    26 |   100 |   175 |   196 |       ||   510
       Reflection        |       |       |       |    10 |     4 |     3 ||    17
       Other             |       |       |       |       |   129 |   216 ||   345
